 Dungeon Crawl Stone Soup version 0.28.0-53-g5a82cb258f (webtiles) character file.

Game seed: 6052969032832367326

60589 wingedge the Spear-Bearer (level 14, -7/115 HPs)
             Began as a Demonspawn Abyssal Knight on June 8, 2022.
             Was a High Priest of Lugonu.
             Mangled by a large abomination (20 damage)
             ... on level 1 of the Abyss.
             The game lasted 01:39:02 (24702 turns).

wingedge the Spear-Bearer (DsAK)                   Turns: 24702, Time: 01:39:05

Health: -7/115     AC: 26    Str: 24    XL:     14   Next: 57%
Magic:  17/21      EV: 15    Int: 11    God:    Lugonu [*****.]
Gold:   746        SH:  0    Dex: 19    Spells: 13/17 levels left

rFire   + + .      SeeInvis .   k - +6 triple sword (distort)
rCold   + . .      Faith    .   (shield currently unavailable)
rNeg    . . .      Spirit   .   M - +4 plate armour {rF+}
rPois   +          Reflect  .   (helmet unavailable)
rElec   .          Harm     .   Z - +2 cloak {rF+}
rCorr   .          Rampage  .   I - +2 pair of gloves
Will    +....                   (no boots)
Stlth   ..........              (no amulet)
HPRegen 0.29/turn               w - ring "Segegusk" {rC+ Str+6 Dex+4}
MPRegen 0.17/turn               P - ring of poison resistance

@: repel missiles
A: horns 3, repulsion field 3, spiny 2, demonic magic 2, corrupting presence 1
a: Renounce Religion, Depart the Abyss, Bend Space, Banish, Corrupt, Enter the
Abyss


You were on level 1 of the Abyss.
You worshipped Lugonu.
Lugonu was extremely pleased with you.
You visited 4 branches of the dungeon, and saw 19 of its levels.
You visited the Abyss 6 times.
You also visited: Sewer and Volcano.

You collected 2722 gold pieces.
You spent 1976 gold pieces at shops.

Inventory:

Hand Weapons
 a - the +9 spear "Ceum" {flame, rN++ MP+9}
   (You found it on level 2 of the Dungeon)

   It burns those it strikes, dealing additional fire damage.
   rN:        It greatly protects you from negative energy.
   MP:        It affects your magic capacity (+9).
 b - a +2 shortbow of flaming
 k - a +6 triple sword of distortion (weapon)
Missiles
 Y - 210 arrows
Armour
 d - a +2 cloak of preservation
 G - +0 steam dragon scales
 I - a +2 pair of gloves (worn)
 M - a +4 plate armour of fire resistance (worn)
 Z - a +2 cloak of fire resistance (worn)
Jewellery
 e - a ring of fire
 f - a ring of positive energy
 l - an amulet of magic regeneration
 o - a ring of willpower
 q - a ring of wizardry
 w - the ring "Segegusk" (left hand) {rC+ Str+6 Dex+4}
   (You bought it in a shop on level 2 of the Orcish Mines)

   [ring of protection from cold]

   Str:       It affects your strength (+6).
   Dex:       It affects your dexterity (+4).
   rC:        It protects you from cold.
 F - a +6 ring of dexterity
 K - a ring of protection from fire
 P - a ring of poison resistance (right hand)
 R - a ring of ice
Wands
 y - a wand of charming (14)
 A - a wand of polymorph (15)
 H - a wand of flame (4)
 S - a wand of iceblast (11)
 T - a wand of digging (3)
Scrolls
 i - 2 scrolls of brand weapon
 j - 2 scrolls of identify
 m - a scroll of acquirement {unknown}
 n - 4 scrolls of immolation
 r - 3 scrolls of amnesia {unknown}
 t - 3 scrolls of magic mapping
 u - 5 scrolls of vulnerability
 E - 2 scrolls of fog {unknown}
 Q - 2 scrolls of silence {unknown}
 U - a scroll of summoning
 W - a scroll of teleportation
Potions
 c - 9 potions of curing
 h - 6 potions of haste
 p - 5 potions of flight
 s - 3 potions of berserk rage {unknown}
 v - 6 potions of mutation
 x - 2 potions of invisibility {unknown}
 z - 2 potions of cancellation {unknown}
 B - 2 potions of heal wounds {unknown}
 C - 5 potions of attraction {unknown}
 D - 4 potions of might
 J - 5 potions of brilliance
 N - 2 potions of magic {unknown}
 O - a potion of lignification {unknown}
 X - a potion of resistance {unknown}
Miscellaneous
 g - a tin of tremorstones (inert)


   Skills:
 + Level 12.2 Fighting
 * Level 7.9 Long Blades
 - Level 13.1 Polearms
 - Level 11.0 Armour
 - Level 7.1 Dodging
 - Level 2.0 Spellcasting
 - Level 4.0 Necromancy
 - Level 10.0 Invocations
 - Level 3.0 Evocations


You had 13 spell levels left.
You knew the following spells:

 Your Spells              Type           Power      Damage    Failure   Level
a - Vampiric Draining     Necr           9%         2d6       86%         3
b - Slow                  Hex            4%         N/A       96%         1

Your spell library contained the following spells:

 Spells                   Type           Power      Damage    Failure   Level
 Corpse Rot               Necr/Air       10%        N/A       89%         2
 Beastly Appendage        Tmut           2%         N/A       96%         1
 Magic Dart               Conj           4%         1d3       96%         1
 Ensorcelled Hibernation  Hex/Ice        2%         N/A       99%         2
 Poisonous Vapours        Pois/Air       2%         N/A       99%         2
 Searing Ray              Conj           2%         2d4       99%         2
 Static Discharge         Conj/Air       1%         N/A       99%         2
 Wereblood                Tmut           1%         N/A       99%         2
 Dispel Undead            Necr           9%         3d8       99%         4
 Confusing Touch          Hex            1%         N/A       100%        3
 Spider Form              Tmut/Pois      1%         N/A       100%        3
 Stone Arrow              Conj/Erth      2%         3d7       100%        3
 Animate Armour           Summ/Erth      2%         N/A       100%        4
 Fulminant Prism          Conj/Hex       0%         3d6       100%        4
 Sticky Flame             Conj/Fire      1%         2d3       100%        4
 Summon Ice Beast         Ice/Summ       1%         N/A       100%        4
 Summon Mana Viper        Hex/Summ       1%         N/A       100%        5
 Monstrous Menagerie      Summ           0%         N/A       100%        7
 Lehudib's Crystal Spear  Conj/Erth      0%         10d2      100%        8
 Shatter                  Erth           0%         3d5*      100%        9


Dungeon Overview and Level Annotations

Branches:
Dungeon (10/15)            Temple (0/1) D:7            Lair (6/6) D:10
  Swamp (1/4) Lair:3        Snake (0/4) Lair:3        Slime (0/5) Lair:6
    Orc (2/2) D:9             Elf (0/3) Orc:2         Sewer (visited)
Volcano (visited)

Altars:
Fedhas
Qazlal
Yredelemnul

Shops:
D:8 =   Orc:2 **=(*

Annotations:
Abyss:1 Urug


Innate Abilities, Weirdness & Mutations

You have a pair of large horns on your head.
You are surrounded by a strong repulsion field. (EV +4, RMsl)
You are mostly covered in sharp spines.
Spells you cast may paralyse nearby enemies.
Your presence sometimes corrodes those you injure.


Message History

Your +6 triple sword of distortion melds into your body.
Your +2 cloak of fire resistance melds into your body.
Your +2 pair of gloves melds into your body.
Your +4 plate armour of fire resistance melds into your body.
The ring "Segegusk" {rC+ Str+6 Dex+4} melds into your body.
Your ring of poison resistance melds into your body.
You feel less resistant to fire. x2
Okay, then.
A tentacled starspawn comes into view.
Urug throws a javelin.
The javelin completely misses you.
Okay, then.
Okay, then.
Blink to where?
Press: ? - help, Dir - move target
Found a gateway leading deeper into the Abyss.
As you read the scroll of blinking, it crumbles to dust.
There is a gateway leading deeper into the Abyss here.
You are suddenly pulled into a different region of the Abyss!
Your transformation is almost over.
A large abomination comes into view.
You are no longer corroded.
You feel less batty.
Your +6 triple sword of distortion unmelds from your body.
Your +2 cloak of fire resistance unmelds from your body.
Your +2 pair of gloves unmelds from your body.
Your +4 plate armour of fire resistance unmelds from your body.
The ring "Segegusk" {rC+ Str+6 Dex+4} unmelds from your body.
Your ring of poison resistance unmelds from your body.
Space warps around you for a moment!
You feel resistant to fire. x2
Hit: k) +6 triple sword (distort)
Press: ? - help, Dir - move target, f - you
Okay, then.
You slash the large abomination!
Space warps around the large abomination.
Your corrupting presence corrodes the large abomination!
You headbutt the large abomination!
The large abomination is severely damaged.
The large abomination is struck by your spines.
The large abomination hits you!!
You die...

#X #
#..##.############
###
.#..#...#..#.....#
.. #.#..###. #.##
. . .#.##
#..##.....# #. #.#
#..## ...####.
#..### ..# ##....
#.X#.##.#...#
..#..
#@....###..##.. ..
#.#..#.## .##.# .
#.#.##.#..#. ## ##
# #### ##### # .
.# . .#


You could see a large abomination (corroded).

Vanquished Creatures
  The ghost of wingedge the Geomancer, a journeyman GrEE of Vehumet (Lair:6)
  A deep elf annihilator (D:10)
  The ghost of DemonSlayer the Arsonist, a journeyman DsFE of Cheibriados (Lair:2)
  6 hydras
  Fannar (D:10)
  A rakshasa (D:9)
  2 catoblepae
  A centaur warrior (D:9)
  2 two-headed ogres (D:9)
  3 death yaks
  3 orc high priests (Orc:2)
  Nergalle (D:10)
  Sonja (D:9)
  6 orc knights
  2 wizards
  7 orc sorcerers
  A salamander (Volcano)
  2 manticores (Lair:6)
  Maurice (D:10)
  2 torpor snails
  A black mamba (shapeshifter) (Abyss:3)
  3 elephants
  9 black mambas
  Psyche (D:9)
  Maggie (D:6)
  A gargoyle (D:10)
  10 cane toads
  7 rime drakes
  6 komodo dragons
  3 trolls
  A polar bear (Lair:6)
  2 hornets
  12 blink frogs
  11 dream sheep
  2 wraiths
  38 yaks
  2 shadows (D:9)
  2 steam dragons (D:6)
  4 fire bats
  Grum (D:9)
  8 wyverns
  4 basilisks
  A warg (D:9)
  3 two-headed ogre zombies (D:9)
  3 hell hounds (Volcano)
  Edmund (D:6)
  Duvessa (D:5)
  13 water moccasins
  19 orc warriors
  2 sky beasts
  4 black bears
  8 ogres
  17 wolves
  8 centaurs
  2 necrophages
  5 kobold brigands
  A phantom (D:4)
  A gnoll sergeant (D:8)
  2 scorpions
  2 wyvern zombies
  14 bullfrogs
  A wyvern skeleton (D:7)
  Dowan (D:5)
  A troll zombie (D:9)
  14 killer bees
  5 wights
  3 howler monkeys
  2 bullfrog zombies (D:5)
  7 centaur zombies
  A human zombie (D:9)
  3 jellies
  15 orc priests
  3 hounds
  Jessica (D:2)
  2 iguanas (D:6)
  20 orc wizards
  4 ogre zombies (D:9)
  2 mummies (D:9)
  3 howler monkey zombies
  4 adders
  10 gnolls
  4 river rats (Sewer)
  2 white imps
  An ufetubus (D:5)
  An adder zombie (D:5)
  An adder skeleton (D:4)
  3 worms
  50 orcs
  7 bats
  13 endoplasms
  3 giant cockroaches
  9 hobgoblins
  4 jackals (D:1)
  5 quokkas
  6 ball pythons
  6 frilled lizards
  4 goblins
  2 goblin skeletons (D:9)
  4 goblin zombies (D:9)
  2 hobgoblin zombies (D:9)
  23 kobolds
  2 orc skeletons (D:9)
  15 orc zombies (D:9)
  A quokka skeleton (D:4)
  21 rats
572 creatures vanquished.

Vanquished Creatures (others)
  An orc wizard (Orc:2)
  5 demonic plants (D:1)
  24 fungi
  42 plants
  3 withered plants (D:1)
75 creatures vanquished.

Grand Total: 647 creatures vanquished

Notes
Turn   | Place    | Note
-------+----------+-------------------------------------------
     0 | Abyss:1  | wingedge the Demonspawn Abyssal Knight began the quest for
                  | the Orb.
     0 | Abyss:1  | Reached XP level 1. HP: 18/18 MP: 2/2
     2 | D:1      | Escaped the Abyss
   115 | D:1      | Reached skill level 1 in Dodging
   296 | D:1      | Reached * piety under Lugonu
   326 | D:1      | Found a faded altar of an unknown god.
   337 | D:1      | Gained mutation: You are partially covered in sharp spines.
                  | [demonic ancestry]
   337 | D:1      | Reached XP level 2. HP: 11/24 MP: 4/4
   849 | D:1      | Gained mutation: You are surrounded by a mild repulsion
                  | field. (EV +2) [demonic ancestry]
   849 | D:1      | Reached XP level 3. HP: 28/29 MP: 5/5
  1350 | D:2      | Reached ** piety under Lugonu
  1392 | D:2      | Noticed Jessica
  1402 | D:2      | Killed Jessica
  1664 | D:2      | Gained mutation: You are mostly covered in sharp spines.
                  | [demonic ancestry]
  1664 | D:2      | Reached XP level 4. HP: 30/35 MP: 6/6
  1883 | D:2      | Identified the +9 spear "Ceum" {flame, rN++ MP+9}
  2538 | D:3      | Reached skill level 1 in Polearms
  2671 | D:3      | Reached skill level 2 in Polearms
  2775 | D:3      | Gained mutation: You have a pair of small horns on your
                  | head. [demonic ancestry]
  2775 | D:3      | Reached XP level 5. HP: 37/41 MP: 7/7
  3078 | D:3      | Reached skill level 3 in Polearms
  3261 | D:3      | Reached *** piety under Lugonu
  3571 | D:4      | Reached XP level 6. HP: 45/47 MP: 8/8
  3704 | D:4      | Reached skill level 4 in Polearms
  3995 | D:4      | Reached skill level 5 in Polearms
  3995 | D:4      | Gained mutation: You have a pair of horns on your head.
                  | [demonic ancestry]
  3995 | D:4      | Reached XP level 7. HP: 41/52 MP: 9/9
  4373 | D:5      | Entered Level 5 of the Dungeon
  4741 | D:5      | Found a blossoming altar of Fedhas.
  4762 | D:5      | Found a glowing drain.
  4777 | Sewer    | Entered a sewer
  4850 | Sewer    | Reached skill level 6 in Polearms
  5115 | Sewer    | Reached **** piety under Lugonu
  5116 | Sewer    | Gained mutation: You have a pair of large horns on your
                  | head. [demonic ancestry]
  5116 | Sewer    | Reached XP level 8. HP: 50/60 MP: 10/10
  5654 | D:5      | Found a stormy altar of Qazlal.
  5710 | D:5      | Noticed Dowan
  5714 | D:5      | Reached skill level 1 in Evocations
  5716 | D:5      | Noticed Duvessa
  5720 | D:5      | Killed Dowan
  5729 | D:5      | HP: 3/61 [gnoll/+0 spear (3)]
  6036 | D:5      | Killed Duvessa
  6548 | D:6      | Reached skill level 5 in Fighting
  6548 | D:6      | Reached skill level 7 in Polearms
  7134 | D:6      | Noticed Edmund
  7140 | D:6      | Gained mutation: You are surrounded by a moderate repulsion
                  | field. (EV +3) [demonic ancestry]
  7140 | D:6      | Reached XP level 9. HP: 56/68 MP: 11/11
  7142 | D:6      | Killed Edmund
  7449 | D:6      | Noticed Maggie
  7456 | D:6      | Killed Maggie
  7463 | D:6      | Reached skill level 5 in Armour
  7488 | D:6      | Reached skill level 8 in Polearms
  8464 | D:7      | Found a staircase to the Ecumenical Temple.
  8575 | D:7      | Reached ***** piety under Lugonu
  8795 | D:8      | Found Mutefra's Jewellery Shoppe.
  8804 | D:8      | Bought a ring of poison resistance for 240 gold pieces
  8826 | D:8      | Gained mutation: Spells you cast may paralyse adjacent
                  | enemies. [demonic ancestry]
  8826 | D:8      | Reached XP level 10. HP: 77/77 MP: 12/12
  9024 | D:8      | You fall into a shaft and drop 2 floors!
  9024 | D:10     | Entered Level 10 of the Dungeon
  9098 | D:10     | Noticed Maurice
  9118 | D:10     | Killed Maurice
  9119 | D:10     | Reached skill level 1 in Necromancy
  9209 | D:10     | Noticed a gargoyle
  9220 | D:10     | Killed a gargoyle
  9221 | D:10     | Reached skill level 9 in Polearms
  9221 | D:10     | Reached skill level 1 in Spellcasting
  9331 | D:10     | Noticed a wizard
  9331 | D:10     | Noticed a wizard
  9332 | D:10     | Noticed a deep elf annihilator
  9528 | D:10     | Noticed Fannar
  9530 | D:10     | Noticed an elephant
  9535 | D:10     | Cast into level 2 of the Abyss (a wizard)
  9630 | Abyss:2  | Noticed a large abomination
  9631 | D:10     | Escaped the Abyss
  9642 | D:10     | Killed a deep elf annihilator
  9883 | D:9      | Noticed Grum
  9890 | D:9      | Killed Grum
  9891 | D:9      | Noticed Psyche
  9901 | D:9      | Killed Psyche
  9918 | D:9      | Found a staircase to the Orcish Mines.
 10006 | D:9      | Reached skill level 5 in Invocations
 10006 | D:9      | Gained mutation: You are surrounded by a strong repulsion
                  | field. (EV +4, RMsl) [demonic ancestry]
 10006 | D:9      | Reached XP level 11. HP: 41/84 MP: 14/14
 10381 | D:9      | Noticed a catoblepas
 10393 | D:9      | Noticed a two-headed ogre
 10394 | D:9      | Killed a catoblepas
 10395 | D:9      | Reached skill level 10 in Polearms
 10528 | D:9      | Killed a two-headed ogre
 10574 | D:9      | Noticed a rakshasa
 10810 | D:9      | Killed a rakshasa
 10885 | D:9      | Noticed a centaur warrior
 10900 | D:9      | Killed a centaur warrior
 11228 | D:9      | Found a basalt altar of Yredelemnul.
 11364 | D:10     | Cast into level 3 of the Abyss (a wizard)
 11365 | D:10     | Escaped the Abyss
 11410 | D:10     | Cast into level 3 of the Abyss (a wizard)
 11497 | D:10     | Escaped the Abyss
 11623 | D:9      | Killed a wizard
 11645 | D:10     | Killed a wizard
 11680 | D:10     | Found a staircase to the Lair.
 11694 | D:10     | Killed Fannar
 11934 | D:10     | Got the Collected Works on the Dusty Glacier
 12019 | D:10     | Noticed Nergalle
 12030 | D:10     | Killed Nergalle
 12031 | D:10     | Reached skill level 11 in Polearms
 12339 | Lair:1   | Entered Level 1 of the Lair of Beasts
 12544 | Lair:1   | Noticed a six-headed hydra
 12552 | Lair:1   | Killed a six-headed hydra
 12553 | Lair:1   | Gained mutation: Your presence sometimes corrodes those you
                  | injure. [demonic ancestry]
 12553 | Lair:1   | Reached XP level 12. HP: 94/94 MP: 17/17
 12937 | Lair:1   | Noticed a five-headed hydra
 12947 | Lair:1   | Killed a five-headed hydra
 13409 | Lair:2   | Found a dark tunnel.
 13418 | Volcano  | Entered a volcano
 13448 | Volcano  | Noticed a two-headed ogre
 13450 | Volcano  | Banished a two-headed ogre
 13451 | Volcano  | Reached skill level 10 in Armour
 13950 | Lair:2   | Found a runed translucent door.
 13951 | Lair:2   | Noticed DemonSlayer's ghost (journeyman DsFE)
 13977 | Lair:2   | Killed DemonSlayer's ghost
 14290 | Lair:2   | Reached skill level 12 in Polearms
 15165 | Lair:3   | Noticed Urug
 15174 | Lair:3   | Banished Urug
 15175 | Lair:3   | Gained mutation: Spells you cast may paralyse nearby
                  | enemies. [demonic ancestry]
 15175 | Lair:3   | Reached XP level 13. HP: 85/101 MP: 20/20
 15191 | Lair:3   | Learned a level 3 spell: Vampiric Draining
 15193 | Lair:3   | Learned a level 1 spell: Slow
 15364 | Lair:3   | Found a staircase to the Snake Pit.
 15375 | Lair:3   | Found a staircase to the Swamp.
 15411 | Swamp:1  | Entered Level 1 of the Swamp
 15411 | Swamp:1  | Noticed a ghoul
 15656 | Lair:3   | Reached skill level 5 in Long Blades
 15894 | Lair:4   | You fall into a shaft and drop 2 floors!
 15894 | Lair:6   | Entered Level 6 of the Lair of Beasts
 16968 | Lair:5   | Reached skill level 10 in Invocations
 17200 | Lair:5   | Reached skill level 10 in Fighting
 17431 | Lair:5   | Reached skill level 5 in Dodging
 18304 | Lair:6   | Found a staircase to the Slime Pits.
 18461 | Lair:6   | Found a runed translucent door.
 18461 | Lair:6   | Noticed wingedge's ghost (journeyman GrEE)
 18488 | Lair:6   | Killed wingedge's ghost
 19815 | Lair:6   | Reached XP level 14. HP: 102/113 MP: 21/21
 19943 | Lair:6   | Reached skill level 13 in Polearms
 19943 | Lair:6   | Reached ****** piety under Lugonu
 20283 | Lair:6   | Identified a +2 triple sword of distortion (a +0 triple
                  | sword of flaming corrupted by Lugonu)
 20283 | Lair:6   | Received a gift from Lugonu
 20665 | Orc:1    | Entered Level 1 of the Orcish Mines
 21946 | Orc:1    | Noticed Sonja
 21957 | D:9      | Cast into level 2 of the Abyss (Sonja)
 22008 | D:9      | Escaped the Abyss
 22010 | D:9      | Killed Sonja
 22378 | Orc:2    | Entered Level 2 of the Orcish Mines
 22384 | Orc:2    | Found a staircase to the Elven Halls.
 22913 | Orc:2    | Found Caarph's General Store.
 22997 | Orc:2    | Found Seleex's Assorted Antiques.
 22997 | Orc:2    | Paralysed by an orc sorcerer for 7 turns
 23004 | Orc:2    | Found Wupruvao's Weapon Boutique.
 23011 | Orc:2    | Bought 2 potions of curing for 132 gold pieces
 23011 | Orc:2    | Bought a scroll of enchant weapon for 165 gold pieces
 23011 | Orc:2    | Bought a scroll of magic mapping for 77 gold pieces
 23011 | Orc:2    | Bought a scroll of identify for 44 gold pieces
 23459 | Orc:2    | Paralysed by an orc sorcerer for 6 turns
 24175 | Orc:2    | Found Wejejax's Jewellery Emporium.
 24176 | Orc:2    | Found Fatefoil's Assorted Antiques.
 24404 | Orc:2    | Bought a scroll of identify for 74 gold pieces
 24404 | Orc:2    | Bought a scroll of identify for 74 gold pieces
 24406 | Orc:2    | Bought a ring of willpower for 375 gold pieces
 24406 | Orc:2    | Bought the ring "Segegusk" {rC+ Str+6 Dex+4} for 795 gold
                  | pieces
 24639 | Swamp:1  | Noticed a ghoul
 24648 | Abyss:1  | Noticed a tentacled starspawn
 24702 | Abyss:1  | Mangled by a large abomination

Illustrated notes

Levels and vault maps discovered:
D:1:      minmay_arrival_jagged, layout_basic, shapermc_ecumenical_altar_gd
D:2:      layout_loops_ring, uniq_jessica
D:3:      layout_loops_corners, grunt_decor_fettered, kennysheep_generic_room_4
D:4:      layout_basic
D:5:      layout_basic, mainiacjoe_overflow_boulevard,
          mainiacjoe_overflow_six_doors_small, cheibrodos_sewer_entry_drain,
          st_stairs_6, uniq_duvessa
D:6:      kennysheep_steamy, layout_cave_pods, uniq_edmund, uniq_maggie
D:7:      layout_loops_ring, minmay_temple_entry_statues
D:8:      layout_basic, serial_shops, shop_fountains, st_stairs_2
D:9:      layout_rooms, lemuel_mausoleum_altar_yredelemnul, zombieorc2_lemuel,
          chequers_serial_rivers_micro_a, minivault_20, uniq_grum, uniq_psyche
D:10:     cheibrodos_wizards_tower, layout_cave_pods, david_lair_generic,
          uniq_fannar, uniq_nergalle, uniq_maurice
Lair:1:   layout_regular_city
Lair:2:   layout_regular_city, nicolae_volcano_entry_lava_flow,
          ebering_ghost_reflecting_pool, cheibrodos_lair_caveside_slide,
          serial_bayou_shore_b, grunt_megastairs_4
Lair:3:   nzn_winding_woodlands_three_and_one
          [nzn_winding_woodlands_5x15_default,
          nzn_winding_woodlands_5x15_crooked, nzn_winding_woodlands_5x15_twine,
          nzn_winding_woodlands_center_garden], layout_hall_layers,
          swamp_mist_pool, dummy_snake_entry, grunt_forest_small_clearings,
          uniq_urug
Lair:4:   layout_concentric_octagons, serial_bayou_shore_a
Lair:5:   layout_long_grid
Lair:6:   hangedman_lair_in_review, layout_cellular_growth, slime_dummy,
          hellmonk_ghost_happy_afterlife
Swamp:1:  nicolae_swamp_ascending_descending_big, layout_basic_swamp,
          ebering_ghost_inner_flame, evilmike_swamp_ruin_house_3, uniq_nikola,
          uniq_aizul
Orc:1:    layout_caves, uniq_sonja
Orc:2:    st_orc_elflike, layout_caves, serial_shops, nicolae_shop_stone
Abyss:1:  base: Temple, base: Temple, base:
D:5

Skill      XL: |  1  2  3  4  5  6  7  8  9 10 11 12 13 14 |
---------------+-------------------------------------------+-----
Dodging        | 1 2 3 6 7 |  7.1
Long Blades    | 2 3 4 5 7 |  7.9
Armour         | 2 4 6 7 9 11 | 11.0
Invocations    | 3 5 7 9 10 | 10.0
Polearms       | 2 3 5 6 7 8 9 11 12 13 | 13.1
Fighting       | 4 5 6 7 8 9 11 12 | 12.2
Evocations     | 2 3 |  3.0
Necromancy     | 3 4 |  4.0
Spellcasting   | 2 |  2.0

Action                   |  1- 3 |  4- 6 |  7- 9 | 10-12 | 13-15 || total
-------------------------+-------+-------+-------+-------+-------++-------
Melee: Falchion          |    64 |     3 |       |       |       ||    67
       Spear             |       |    82 |   269 |   660 |   382 ||  1393
       Punch             |       |     1 |     3 |     8 |     3 ||    15
       Headbutt          |       |     5 |    36 |   120 |   125 ||   286
       Triple sword      |       |       |       |       |   171 ||   171
 Fire: Shortbow          |       |       |       |       |     4 ||     4
Invok: Depart the Abyss  |     1 |       |       |     3 |     1 ||     5
       Bend Space        |       |       |     1 |     2 |     4 ||     7
       Banish            |       |       |       |     3 |       ||     3
       Enter the Abyss   |       |       |       |       |     1 ||     1
       Brand Weapon With |       |       |       |       |     1 ||     1
Evoke: Tin of tremorston |       |       |       |       |     2 ||     2
  Use: Scroll            |     1 |       |     7 |    10 |    23 ||    41
       Potion            |       |       |     1 |     1 |     1 ||     3
 Stab: Petrified         |       |       |       |     1 |       ||     1
Armor: Ring mail         |    20 |    13 |     1 |       |       ||    34
       Leather armour    |     2 |       |       |       |       ||     2
       Scale mail        |       |       |    34 |       |       ||    34
       Plate armour      |       |       |     4 |   207 |   229 ||   440
       Steam dragon scal |       |       |       |       |     9 ||     9
Dodge: Dodged            |    32 |    25 |    77 |   162 |   288 ||   584
       Repelled          |       |       |       |     5 |     4 ||     9
